 Dungeon Crawl Stone Soup version 0.29.1-1-gd02db6906a (webtiles) character file.

Game seed: 746397282618385412

363 fireball365 the Digger (level 6, 0/46 HPs)
             Began as a Demigod Earth Elementalist on Oct 5, 2022.
             Killed from afar by Dowan (5 damage)
             ... with a puff of flame
             ... on level 4 of the Dungeon.
             The game lasted 00:17:42 (5474 turns).

fireball365 the Digger (Demigod Earth Elementalist) Turns: 5474, Time: 00:17:43

Health: 0/46       AC:  7    Str: 13    XL:     6   Next: 15%
Magic:  14/14      EV: 26    Int: 23    God:
Gold:   268        SH:  0    Dex: 18    Spells: 11/12 levels left

rFire   . . .      SeeInvis .   s - +0 trident
rCold   . . .      Faith    .   (no shield)
rNeg    . . .      Spirit   .   u - +0 ring mail
rPois   .          Reflect  .   w - +0 helmet
rElec   .          Harm     .   (no cloak)
rCorr   +          Rampage  .   h - +0 pair of gloves
Will    .....                   (no boots)
Stlth   ++........              r - amulet of the acrobat
HPRegen 0.15/turn               g - ring of resist corrosion
MPRegen 0.14/turn               i - +6 ring of intelligence

@: acrobatic, flying
A: high MP 1, forlorn, divine attributes
a: no special abilities


You were on level 4 of the Dungeon.
You visited 1 branch of the dungeon, and saw 4 of its levels.

You collected 268 gold pieces.

Inventory:

Hand Weapons
 c - a +0 mace
 j - a +0 mace
 k - a +0 whip
 l - a +0 dagger of speed
 p - a +0 whip
 s - a +0 trident (weapon)
 t - a +0 hand axe
 v - a +0 falchion
 F - a +0 flail
 G - a +0 halberd
Missiles
 d - 49 stones
 E - 12 poisoned darts
Armour
 a - a +1 robe
 h - a +0 pair of gloves (worn)
 o - a +0 pair of gloves
 u - a +0 ring mail (worn)
 w - a +0 helmet (worn)
 y - a +0 helmet
 z - a +0 ring mail
 B - a +0 ring mail
Jewellery
 g - a ring of resist corrosion (left hand)
 i - a +6 ring of intelligence (right hand)
 r - an amulet of the acrobat (around neck)
 C - a ring of resist corrosion
Wands
 D - a wand of flame (15)
Scrolls
 e - 2 scrolls of amnesia
 m - 2 scrolls of poison
 q - a scroll of butterflies
 x - a scroll of enchant weapon
Potions
 b - a potion of magic
 f - 2 potions of flight
 n - a potion of brilliance


   Skills:
 + Level 0.4 Fighting
 + Level 0.1 Maces & Flails
 + Level 1.1 Polearms
 + Level 0.8 Armour
 + Level 2.2 Dodging
 + Level 2.3 Stealth
 + Level 3.5 Spellcasting
 + Level 1.0 Transmutations
 + Level 4.6 Earth Magic


You had 11 spell levels left.
You knew the following spells:

 Your Spells              Type           Power      Damage    Failure   Level
a - Sandblast             Erth           50%        2d12      3%          1

Your spell library contained the following spells:

 Spells                   Type           Power      Damage    Failure   Level
 Passwall                 Tmut/Erth      14%        N/A       11%         2
 Apportation              Tloc           8%         N/A       24%         1
 Foxfire                  Conj/Fire      16%        2x1d4     24%         1
 Necrotise                Necr           16%        1d4       24%         1
 Summon Small Mammal      Summ           16%        N/A       24%         1
 Stone Arrow              Conj/Erth      28%        3d8       26%         3
 Conjure Flame            Conj/Fire      4%         6-21      56%         3
 Inner Flame              Hex/Fire       4%         N/A       56%         3
 Petrify                  Tmut/Erth      17%        N/A       58%         4
 Flame Wave               Conj/Fire      4%         2d5       93%         4


Dungeon Overview and Level Annotations

Branches:
Dungeon (4/15)
 Temple: D:4-7

Annotations:
D:4 Dowan, Duvessa


Innate Abilities, Weirdness & Mutations

You have an increased reservoir of magic. (+10% MP)
You shall have no god before yourself.
Your divine heritage dramatically boosts your attributes as you level up.


Message History

You hit the orc wizard.
The orc wizard is moderately wounded.
The orc wizard gestures at you while chanting.
The puff of flame hits you!
You barely miss the orc wizard.
The orc wizard is moderately wounded.
The orc wizard hits you but does no damage.
You hear some strange, mumbled words.
A puff of flame appears from out of thin air!
The puff of flame hits you!
You miss the orc wizard.
The orc wizard is moderately wounded.
The orc wizard casts a spell at you. The magic dart hits you!
* * * LOW HITPOINT WARNING * * *
Something hits you but does no damage. x2
It was a potion of flight.
You feel very buoyant.
You fly up into the air.
Something hits you.
* * * LOW HITPOINT WARNING * * *
Something hits you but does no damage. The orc hits you but does no damage.
You see here a +1 hand axe of electrocution.
Something hits you.
* * * LOW HITPOINT WARNING * * *
Something hits you.
* * * LOW HITPOINT WARNING * * *
As you read the scroll labelled GAPTAWARE, it crumbles to dust.
You feel strangely unstable.
It was a scroll of teleportation.
Something hits you.
* * * LOW HITPOINT WARNING * * *
The quokka bites you but does no damage.
The quokka attacks as you move away! The quokka completely misses you.
Your surroundings suddenly seem different.
You reach down and open the door.
Duvessa and Dowan come into view.
Duvessa is wielding a +0 short sword of protection and wearing a +1 ring mail of poison resistance.
Dowan is wielding a +0 dagger and carrying a wand of digging (4).
Dowan zaps a wand.
Some rock shatters into small pieces.
Dowan casts a spell at you. The puff of flame hits you.
You die...

######......##..#......#.#####
+# #...................# .#
##........#######..######
.#######..)..###.#....⌠#........
.......'.....# #.'..e.8#.#.####.
......##.....# #.e....⌠#.#.#
......##.....###.##+#+##...# #
......##.....##..# #.### #.#
......########.#@# #.# #..
......# #.##.#######.# ###
.......# #.# #.........########
......... ... ########..........
#........#.. #.#########
#.......... #.# #... ...........
#.# #.## #.# #.# #.######.##


You could see Dowan.

Vanquished Creatures
  An ogre (D:4)
  A kobold brigand (D:4)
  A howler monkey (D:3)
  4 adders
  6 gnolls
  A worm (D:2)
  3 dart slugs
  4 orcs (D:3)
  5 ball pythons
  3 bats
  4 endoplasms
  3 giant cockroaches
  4 hobgoblins
  A quokka (D:1)
  2 frilled lizards (D:2)
  6 goblins
  9 kobolds
  5 rats
  2 bushes (D:1)
65 creatures vanquished.

Vanquished Creatures (others)
  7 plants (D:1)
7 creatures vanquished.

Grand Total: 72 creatures vanquished

Notes
Turn   | Place    | Note
-------+----------+-------------------------------------------
     0 | D:1      | fireball365 the Demigod Earth Elementalist began the quest
                  | for the Orb.
     0 | D:1      | Reached XP level 1. HP: 14/14 MP: 5/5
    28 | D:1      | Reached skill level 1 in Transmutations
    59 | D:1      | Reached skill level 3 in Earth Magic
   435 | D:1      | Reached XP level 2. HP: 20/20 MP: 4/7
  2142 | D:1      | You fall into a shaft and drop 1 floor!
  2520 | D:2      | Reached XP level 3. HP: 26/26 MP: 2/9
  3320 | D:2      | Reached XP level 4. HP: 33/33 MP: 8/10
  4096 | D:3      | Reached skill level 4 in Earth Magic
  5017 | D:4      | Noticed an ogre
  5021 | D:4      | Killed an ogre
  5022 | D:4      | Reached XP level 5. HP: 39/39 MP: 7/13
  5332 | D:4      | Reached skill level 1 in Polearms
  5332 | D:4      | Reached XP level 6. HP: 27/46 MP: 10/14
  5470 | D:4      | Noticed Duvessa
  5470 | D:4      | Noticed Dowan
  5474 | D:4      | Killed from afar by Dowan

Illustrated notes

Levels and vault maps discovered:
D:1:      saegor_arrival_miasma, layout_basic, serial_forest,
          infiniplex_forest_lined_room_2, infiniplex_forest_straight_1,
          infiniplex_forest_corner_1, infiniplex_forest_end_double,
          infiniplex_forest_side_room, infiniplex_forest_lined_2,
          hangedman_decor_growths
D:2:      layout_basic, ebering_ecumenical_altar_abandoned
D:3:      layout_basic
D:4:      dreamdust_elfheim, layout_basic, trog_book, kiku_gazebo_pond_becter,
          hangedman_abyss_or_decor_jellyfish_corner

Skill      XL: |  1  2  3  4  5 |
---------------+----------------+-----
Transmutations | 1 |  1.0
Earth Magic    | 3 4 |  4.6
Spellcasting   | 2 3 |  3.5
Dodging        | 2 |  2.2
Stealth        | 2 |  2.3
Polearms       | 1 |  1.1
Fighting       | |  0.4
Maces & Flails | |  0.1
Armour         | |  0.8

Action                   |  1- 3 |  4- 6 || total
-------------------------+-------+-------++-------
Melee: Mace              |    66 |       ||    66
       Punch             |    23 |       ||    23
       Dagger            |  1084 |       ||  1084
       Trident           |       |    31 ||    31
 Cast: Sandblast         |    43 |    46 ||    89
  Use: Scroll            |     3 |     4 ||     7
       Potion            |     1 |     1 ||     2
Armor: Robe              |    14 |     6 ||    20
       Ring mail         |       |    27 ||    27
Dodge: Dodged            |    32 |    53 ||    85
